AoeStats
← MLTreekicker

Black Forest

509474119Analyzed
4v4 RM · 6d ago on Sep 26, 2026· 41m 10s· 8 players
Game mode
Random Map
Map size
Large (8 player)
Population
200
Speed
Normal
Resources
Standard
Victory
Conquest
Starting age
Dark Age
Ending age
Imperial Age
RankedLock teamsTeams togetherTeam positionsShared explorationLock speedFull tech treeHidden civsTurbo modeCheats
Victory
Defeat
1200
+15
🇧🇷 Teutons · Brazil
1174
+16
🇧🇷 Persians · Brazil
1163
+17
🇺🇸 Bohemians · United States
1133
+19
🇹🇼 Spanish · Taiwan
1187
-16
🇦🇷 Saracens · Argentina
1181
-17
🇯🇵 Teutons · Japan
1180
-17
🇦🇷 Bohemians · Argentina
1179
-17
Bob
11:01 Loom
13:20 Feudal Age
24:23 Castle Age
22:29 Double-Bit Axe
22:37 Stone Mining
22:34 Horse Collar
22:46 Gold Mining
23:28 Stone Mining
28:21 Bow Saw
33:48 Imperial Age
31:55 Wheelbarrow
31:06 Town Watch
32:31 Forging
36:06 Hand Cart
35:53 Pikeman
36:56 Squires
37:32 Iron Casting
38:32 Two-Man Saw
38:22 Conscription
37:44 Halberdier
38:33 Scale Mail Armor
39:12 Arson
39:45 Chain Mail Armor
makeinu
10:56 Feudal Age
11:55 Loom
15:10 Castle Age
13:10 Horse Collar
13:18 Double-Bit Axe
14:51 Scale Barding Armor
15:00 Forging
16:08 Wheelbarrow
17:23 Bow Saw
19:46 Hand Cart
20:03 Gold Mining
27:04 Stone Mining
30:45 Imperial Age
28:53 Heavy Plow
30:35 Scale Barding Armor
31:06 Iron Casting
30:43 Town Watch
31:40 Stone Shaft Mining
32:09 Crop Rotation
32:02 Chain Barding Armor
31:04 Cavalier
31:57 Bloodlines
32:56 Chemistry
33:20 Two-Man Saw
37:00 Blast Furnace
37:01 Paladin
[TodEs] RastroJueves
0:56 Loom
10:24 Feudal Age
11:02 Double-Bit Axe
13:37 Fletching
17:02 Wheelbarrow
18:04 Gold Mining
22:00 Castle Age
20:19 Padded Archer Armor
20:45 Horse Collar
22:04 Crossbowman
22:56 Bow Saw
22:57 Bodkin Arrow
27:18 Gold Shaft Mining
31:11 Imperial Age
29:33 Heavy Plow
31:06 Leather Archer Armor
32:57 Chemistry
33:49 Two-Man Saw
33:26 Arbalester
34:49 Bracer
37:44 Scale Barding Armor
38:10 Ring Archer Armor
39:30 Chain Barding Armor
39:21 Forging
39:25 Bloodlines
39:23 Husbandry
39:56 Bloodlines
39:07 Light Cavalry
40:09 Thumb Ring
locodecano
0:34 Loom
11:15 Feudal Age
16:17 Castle Age
14:23 Horse Collar
14:52 Double-Bit Axe
24:24 Wheelbarrow
26:07 Heavy Plow
29:16 Hand Cart
32:33 Imperial Age
30:41 Fletching
30:53 Padded Archer Armor
31:55 Bow Saw
32:42 Wagenburg Tactics
33:17 Leather Archer Armor
34:10 Chemistry
33:56 Conscription
33:44 Hussite Reforms
34:54 Two-Man Saw
33:46 Fletching
34:21 Houfnice
35:18 Bodkin Arrow
36:35 Ballistics
MLTreekicker
8:47 Loom
11:43 Feudal Age
12:35 Double-Bit Axe
16:34 Castle Age
15:40 Horse Collar
17:33 Bow Saw
19:00 Wheelbarrow
24:50 Fervor
25:03 Hand Cart
26:22 Heavy Plow
29:55 Imperial Age
28:46 Chemistry
27:42 Fletching
27:53 Padded Archer Armor
27:54 Scale Mail Armor
28:05 Forging
29:06 Bodkin Arrow
30:46 Ballistics
30:38 Masonry
30:28 Pikeman
31:09 Squires
31:18 Houfnice
32:30 Bracer
32:46 Leather Archer Armor
32:12 Elite Skirmisher
34:36 Siege Engineers
36:13 Ring Archer Armor
35:59 Chain Mail Armor
36:19 Iron Casting
37:52 Wagenburg Tactics
38:11 Conscription
Si me criticas te fedeo
0:26 Loom
11:13 Feudal Age
11:42 Town Watch
11:38 Horse Collar
11:46 Double-Bit Axe
19:24 Castle Age
20:26 Heavy Plow
20:30 Gold Mining
22:46 Bow Saw
23:43 Wheelbarrow
25:49 Fletching
27:13 Gold Shaft Mining
26:28 Stone Mining
33:26 Imperial Age
31:17 Padded Archer Armor
32:10 Ballistics
31:48 Bodkin Arrow
32:21 Yeomen
32:38 Hand Cart
33:18 Leather Archer Armor
33:15 Masonry
33:46 Elite Longbowman
35:31 Conscription
36:22 Two-Man Saw
35:38 Bracer
36:49 Chemistry
36:30 Ring Archer Armor
Dougras
0:59 Loom
12:18 Feudal Age
13:02 Arson
13:09 Man-at-Arms
15:14 Double-Bit Axe
15:10 Horse Collar
20:58 Wheelbarrow
23:07 Castle Age
21:11 Stone Mining
21:11 Gold Mining
21:11 Stone Mining
22:32 Forging
25:30 Town Watch
26:00 Hand Cart
27:31 Bow Saw
27:34 Pikeman
28:14 Squires
29:29 Heavy Plow
33:15 Imperial Age
30:16 Pikeman
30:56 Squires
33:28 Fortified Wall
33:26 Fletching
33:37 Scale Mail Armor
36:27 Crenellations
37:17 Conscription
37:55 Masonry
38:32 Chain Mail Armor
38:14 Bodkin Arrow
40:22 Two-Man Saw
40:35 Halberdier
XydanAlves
10:31 Feudal Age
10:57 Double-Bit Axe
19:37 Castle Age
18:06 Stone Mining
19:24 Horse Collar
19:41 Gold Mining
30:41 Bow Saw
34:27 Imperial Age
32:50 Wheelbarrow
32:34 Heavy Plow
33:29 Scale Barding Armor
33:35 Forging
33:30 Fletching
35:57 Chain Barding Armor
35:48 Forging
36:13 Crop Rotation
36:19 Conscription
36:35 Elite War Elephant
38:44 Two-Man Saw
40:15 Iron Casting
40:19 Plate Barding Armor
Connection lost

Rejoining the realm…

Still unreachable

The connection could not be restored.

Session expired

The server has moved on; the page needs a fresh start.